Map: Pillars of Gold LE

Players

Zest

  • Race: Protoss Protoss
  • Spawn Location: 1:00

Astrea - Winner!

  • Race: Protoss Protoss
  • Spawn Location: 7:00

Event: IEM Katowice 2021

VOD

Have the link to the VOD?

Description

Time

  • Played on: Feb. 24, 2021, 8:41 a.m.
  • Length: 12:13

All games in this series

Show
View Real Time Build Order
Export as new Build Order

Zest Protoss 

Build Orders:  

Get SALT Encoding   

  12  0:00  Probe  
  13  0:12  Probe  
  14  0:18  Pylon  
  14  0:24  Probe  
  15  0:37  Probe (Chrono Boost)  
  15  0:40  Gateway  
  16  0:46  Probe (Chrono Boost)  
  17  0:50  Assimilator  
  17  0:52  Probe (Chrono Boost)  
  18  1:04  Probe (Chrono Boost)  
  18  1:05  Assimilator  
  19  1:13  Probe (Chrono Boost)  
  19  1:17  Pylon  
  20  1:19  Probe  
  21  1:27  Cybernetics Core  
  21  1:31  Probe  
  22  1:35  Zealot  
  24  1:43  Probe  
  25  1:48  Pylon  
  25  1:55  Probe  
  26  2:02  Stalker (Chrono Boost)  
  26  2:06  Warp Gate  
  26  2:07  Probe  
  29  2:19  Cybernetics Core  
  29  2:24  Stalker  
  31  2:30  Pylon  
  31  2:46  Pylon  
  30  2:54  Nexus  
  30  2:57  Sentry  
  32  3:07  Gateway  
  32  3:14  Shield Battery  
  32  3:17  Probe  
  33  3:27  Twilight Council  
  33  3:30  Probe  
  34  3:44  Probe  
  35  4:01  Stalker x2  
  39  4:03  Blink (Chrono Boost)  
  37  4:13  Probe  
  36  4:18  Probe  
  35  4:26  Stalker x2  
  35  4:27  Probe  
  40  4:47  Probe x2  
  40  4:49  Stalker  
  40  4:50  Stalker  
  42  5:01  Probe x2  
  44  5:08  Shield Battery  
  44  5:12  Probe  
  44  5:13  Stalker x2, Forge  
  49  5:16  Phoenix  
  49  5:17  Probe  
  50  5:21  Pylon, Probe  
  51  5:29  Probe  
  51  5:30  Probe  
  53  5:40  Stalker x2  
  57  5:45  Pylon, Probe  
  58  5:50  Protoss Ground Weapons Level 1  
  58  5:53  Probe  
  58  5:55  Pylon  
  59  5:57  Probe  
  59  6:02  Robotics Facility  
  60  6:05  Assimilator  
  60  6:06  Probe  
  60  6:09  Probe  
  62  6:18  Probe  
  63  6:31  Probe  
  58  6:34  Charge (Chrono Boost)  
  58  6:36  Stalker x2  
  60  6:40  Gateway x2  
  60  6:54  Gateway, Phoenix  
  60  6:56  Gateway  
  60  7:00  Sentry x2  
  66  7:03  Observer (Chrono Boost)  
  65  7:09  Pylon  
  65  7:13  Assimilator  
  65  7:17  Pylon  
  65  7:34  Phoenix  
  65  7:42  Nexus  
  65  7:46  Warp Prism (Chrono Boost)  
  65  7:50  Stalker x4  
  65  7:51  Stalker  
  77  7:53  Pylon  
  77  8:09  Pylon, Gateway  
  77  8:15  Stalker x4  
  85  8:20  Phoenix  
  85  8:32  Templar Archives  
  85  8:35  Observer (Chrono Boost)  
  86  8:48  Zealot x5  
  88  8:54  Pylon  
  88  8:55  Pylon  
  96  9:09  Pylon  
  96  9:10  High Templar x2  
  96  9:11  Zealot x4  
  96  9:14  Observer (Chrono Boost)  
  96  9:15  Archon  
  109  9:28  Zealot x2  
  106  9:38  Zealot  
  106  9:39  Zealot  
  100  10:12  Zealot x2, High Templar x4  
  106  10:16  Archon  
  106  10:17  Archon  
  101  10:21  Observer  
  98  10:35  Zealot x2  
  82  10:44  Warp Prism (Chrono Boost)  
  82  10:46  Zealot x3, High Templar  
  82  10:49  Photon Cannon  
  92  10:52  Probe x3, Photon Cannon  
  92  10:54  Photon Cannon  
  95  11:01  High Templar  
  97  11:05  Archon  
  97  11:07  Zealot x2  
  97  11:10  Zealot  
  103  11:16  Zealot  
  105  11:21  Zealot  
  105  11:40  Stalker x2  
  105  11:41  Stalker  
  99  11:53  Zealot x3  
  61  12:06  Zealot x3  
Show
View Real Time Build Order
Export as new Build Order

Astrea Protoss - Winner!

Build Orders: Oracle Opening 

Get SALT Encoding   

  12  0:00  Probe  
  13  0:12  Probe  
  14  0:18  Pylon  
  14  0:24  Probe (Chrono Boost)  
  15  0:37  Probe (Chrono Boost)  
  15  0:39  Gateway  
  16  0:45  Probe (Chrono Boost)  
  16  0:49  Assimilator  
  17  0:51  Probe  
  18  0:58  Assimilator  
  18  1:03  Probe (Chrono Boost)  
  19  1:15  Probe (Chrono Boost)  
  19  1:16  Pylon  
  20  1:20  Probe (Chrono Boost)  
  21  1:29  Probe, Cybernetics Core  
  22  1:36  Zealot  
  24  1:41  Probe  
  25  1:53  Probe  
  26  1:59  Pylon  
  26  2:04  Adept (Chrono Boost)  
  26  2:06  Probe  
  29  2:09  Warp Gate  
  29  2:18  Probe  
  29  2:22  Stargate  
  30  2:27  Adept  
  32  2:33  Probe  
  33  2:53  Probe  
  33  3:03  Gateway  
  33  3:04  Oracle (Chrono Boost)  
  33  3:06  Shield Battery  
  33  3:11  Gateway  
  36  3:13  Stalker  
  36  3:19  Pylon  
  38  3:33  Pylon  
  38  3:42  Oracle  
  41  3:52  Nexus  
  41  4:00  Stalker  
  41  4:02  Probe  
  42  4:14  Probe  
  41  4:23  Robotics Facility  
  41  4:24  Sentry  
  41  4:26  Probe  
  44  4:38  Probe (Chrono Boost)  
  45  4:50  Probe (Chrono Boost)  
  46  4:56  Probe (Chrono Boost)  
  44  5:05  Probe x2  
  44  5:06  Gateway  
  44  5:07  Sentry  
  48  5:11  Observer (Chrono Boost)  
  49  5:17  Probe (Chrono Boost)  
  49  5:18  Forge, Twilight Council  
  51  5:21  Probe (Chrono Boost)  
  51  5:28  Probe (Chrono Boost)  
  52  5:31  Immortal, Probe (Chrono Boost)  
  52  5:32  Probe (Chrono Boost)  
  58  5:41  Probe  
  59  5:43  Stalker  
  59  5:44  Probe  
  59  5:46  Assimilator  
  59  5:47  Assimilator  
  59  5:49  Pylon  
  62  5:55  Probe  
  63  6:01  Stalker  
  63  6:02  Probe  
  66  6:06  Pylon  
  66  6:07  Probe  
  66  6:09  Stalker  
  69  6:18  Immortal (Chrono Boost)  
  66  6:19  Probe  
  66  6:21  Probe  
  66  6:26  Stalker  
  66  6:31  Probe  
  63  6:33  Probe  
  63  6:39  Stalker  
  66  6:43  Probe  
  66  6:44  Protoss Ground Weapons Level 1 (Chrono Boost)  
  67  6:47  Probe  
  67  6:49  Blink  
  68  6:58  Immortal (Chrono Boost)  
  73  7:08  Stalker x2  
  76  7:16  Gateway  
  76  7:18  Gateway  
  76  7:21  Pylon  
  76  7:28  Dark Shrine  
  76  7:29  Gateway  
  76  7:34  Warp Prism  
  78  7:42  Stalker  
  78  7:43  Stalker  
  82  7:58  Nexus  
  82  8:06  Phoenix  
  82  8:08  Gateway  
  82  8:09  Gateway  
  82  8:15  Observer  
  83  8:21  Probe  
  83  8:25  Probe  
  85  8:34  Probe  
  84  8:37  Probe  
  84  8:41  Pylon, Protoss Ground Weapons Level 2 (Chrono Boost)  
  83  8:53  Pylon, Probe  
  83  8:54  Probe  
  84  9:04  Dark Templar  
  84  9:05  Dark Templar  
  84  9:06  Probe  
  84  9:07  Stalker x4  
  97  9:10  Charge (Chrono Boost)  
  97  9:11  Shield Battery  
  97  9:12  Shield Battery  
  97  9:17  Probe x2  
  97  9:21  Pylon  
  99  9:31  Gateway  
  96  9:38  Stalker x5  
  94  9:53  Dark Templar  
  96  10:04  Stalker x4  
  87  10:16  Probe x3  
  87  10:21  Observer  
  91  10:28  Probe  
  91  10:31  Stalker  
  91  10:32  Stalker x2  
  89  10:39  Probe  
  89  10:41  Probe  
  89  10:42  Probe  
  92  10:43  Pylon  
  90  10:50  Dark Templar  
  90  10:54  Probe (Chrono Boost)  
  90  10:55  Sentry x3, Probe (Chrono Boost)  
  100  10:58  Observer, Probe (Chrono Boost)  
  100  11:01  Shield Battery  
  102  11:05  Probe (Chrono Boost)  
  102  11:08  Probe (Chrono Boost)  
  102  11:09  Probe (Chrono Boost)  
  104  11:12  Dark Templar  
  104  11:13  Dark Templar  
  108  11:21  Archon  
  108  11:24  Observer  
  110  11:30  Dark Templar  
  110  11:31  Zealot, Dark Templar  
  114  11:36  Archon  
  114  11:39  Shield Battery x2  
  108  11:47  Zealot x3  
  108  11:52  Zealot  

Tags
 
Add a new tag
Caveats
  • Supply blocks, unpowered buildings, or Contaminate may cause inaccurate times.
  • Supply counts are checked every 10 seconds.